AoeStats
← Hastur

Arena

506166241Analyzed
3v3 RM · 20d ago on Sep 12, 2026· 177m 20s· 6 players
Game mode
Random Map
Map size
Normal (6 player)
Population
200
Speed
Normal
Resources
Standard
Victory
Conquest
Starting age
Dark Age
Ending age
Imperial Age
RankedLock teamsTeams togetherTeam positionsShared explorationLock speedFull tech treeHidden civsTurbo modeCheats
Victory
Defeat
🇭🇰 Spanish · Hong Kong SAR China
1376
+12
🇭🇰 Bengalis · Hong Kong SAR China
1269
+17
🇭🇰 Burgundians · Hong Kong SAR China
1232
+18
🇺🇸 Persians · United States
1348
-18
🇺🇸 Shu · United States
1257
-15
🇺🇸 Aztecs · United States
1251
-14
Hastur
10:58 Feudal Age
14:41 Castle Age
12:41 Double-Bit Axe
14:42 Gold Mining
16:17 Bow Saw
18:06 Loom
18:58 Sanctity
23:48 Devotion
25:51 Wheelbarrow
25:22 Horse Collar
25:37 Elite Skirmisher
27:05 Redemption
28:13 Hand Cart
30:03 Fervor
29:57 Atonement
32:42 Imperial Age
30:14 Fletching
30:25 Padded Archer Armor
34:16 Ballistics
35:26 Capped Ram
37:23 Chemistry
36:55 Siege Engineers
36:24 Siege Ram
37:21 Bodkin Arrow
37:41 Leather Archer Armor
39:05 Onager
41:32 Eagle Warrior
42:30 Bracer
42:41 Forging
42:31 Scale Mail Armor
42:09 Siege Onager
44:04 Elite Eagle Warrior
44:49 Squires
44:37 Arson
45:21 Chain Mail Armor
46:10 Block Printing
46:23 Illumination
46:37 Theocracy
47:49 Gold Shaft Mining
47:05 Stone Mining
47:32 Atlatl
47:53 Garland Wars
48:09 Plate Mail Armor
48:14 Iron Casting
51:36 Pikeman
51:54 Elite Jaguar Warrior
53:11 Conscription
65:01 Iron Casting
68:05 Caravan
73:14 Blast Furnace
IIIIIIIII
10:43 Feudal Age
15:00 Castle Age
13:19 Double-Bit Axe
14:31 Gold Mining
15:22 Wheelbarrow
15:01 Horse Collar
28:10 Loom
33:34 Hand Cart
33:40 Bow Saw
38:16 Heavy Plow
39:50 Crossbowman
40:36 Thumb Ring
40:48 Fletching
40:58 Padded Archer Armor
41:47 Bodkin Arrow
45:33 Imperial Age
43:21 Leather Archer Armor
44:21 Forging
44:11 Scale Mail Armor
44:15 Coiled Serpent Array
45:25 Pikeman
46:25 Chain Mail Armor
46:30 Bracer
47:00 Ring Archer Armor
46:35 Bolt Magazine
46:57 Conscription
46:08 Halberdier
46:56 Squires
47:51 Halberdier
48:30 Arbalester
48:34 Elite Skirmisher
52:36 Two-Man Saw
52:43 Gold Shaft Mining
52:09 Town Watch
53:00 Caravan
53:35 Coinage
53:24 Stone Mining
54:55 Elite White Feather Guard
57:40 Plate Mail Armor
57:55 Ballistics
59:12 Siege Engineers
60:15 Chemistry
70:32 Hoardings
78:38 Scale Barding Armor
82:17 Murder Holes
82:33 Masonry
82:34 Fortified Wall
82:42 Capped Ram
84:15 Chain Barding Armor
84:25 Town Patrol
85:18 Banking
87:20 Siege Ram
89:53 Arson
90:02 Arson
90:02 Gambesons
101:50 Onager
112:01 Architecture
115:42 Heavy Hei Guang Cavalry
116:24 Husbandry
121:50 Plate Barding Armor
127:39 Light Cavalry
132:26 Guard Tower
132:22 Arrowslits
IronDestroyer2
10:47 Feudal Age
12:02 Loom
14:50 Castle Age
13:16 Double-Bit Axe
13:49 Horse Collar
15:48 Bow Saw
21:59 Heavy Plow
22:13 Gold Mining
23:02 Stone Mining
25:08 Wheelbarrow
25:50 Gold Shaft Mining
26:18 Hand Cart
26:22 Scale Barding Armor
27:26 Chain Barding Armor
27:18 Forging
27:44 Bloodlines
27:35 Husbandry
27:25 Light Cavalry
28:35 Fletching
30:16 Iron Casting
34:37 Imperial Age
33:15 Bodkin Arrow
33:44 Ballistics
33:35 Masonry
33:22 Murder Holes
34:27 Stone Shaft Mining
34:07 Padded Archer Armor
34:13 Heavy Camel Rider
35:30 Plate Barding Armor
35:37 Conscription
35:35 Elite War Elephant
37:53 Blast Furnace
38:15 Architecture
39:58 Hussar
42:26 Two-Man Saw
42:08 Crop Rotation
45:31 Chemistry
45:30 Hoardings
44:56 Kamandaran
45:07 Citadels
45:26 Crossbowman
47:03 Pikeman
47:44 Squires
47:46 Scale Mail Armor
48:44 Thumb Ring
51:31 Halberdier
54:32 Leather Archer Armor
56:02 Ring Archer Armor
65:18 Chain Mail Armor
67:12 Man-at-Arms
86:27 Arson
90:19 Plate Mail Armor
95:58 Caravan
96:30 Guilds
125:04 Coinage
hugo0379
3:25 Double-Bit Axe
11:00 Feudal Age
9:35 Horse Collar
12:39 Loom
15:02 Castle Age
14:13 Scale Barding Armor
14:42 Bow Saw
16:29 Cavalier
17:09 Husbandry
17:29 Husbandry
17:38 Heavy Plow
21:17 Wheelbarrow
22:04 Chain Barding Armor
25:37 Forging
26:15 Gold Mining
30:59 Hand Cart
30:31 Loom
33:16 Imperial Age
31:03 Pikeman
31:44 Squires
32:21 Iron Casting
31:46 Scale Mail Armor
33:38 Town Watch
35:25 Two-Man Saw
35:02 Gold Shaft Mining
34:17 Stone Mining
35:04 Crop Rotation
34:41 Halberdier
37:12 Chemistry
37:12 Chain Mail Armor
37:57 Blast Furnace
41:06 Blast Furnace
41:08 Plate Mail Armor
41:02 Paladin
43:07 Coinage
43:21 Conscription
43:12 Burgundian Vineyards
45:34 Banking
46:55 Plate Barding Armor
46:39 Town Patrol
47:36 Fletching
47:31 Treadmill Crane
48:02 Masonry
48:12 Ballistics
49:07 Hoardings
51:50 Light Cavalry
52:43 Hussar
53:14 Man-at-Arms
53:50 Bodkin Arrow
54:38 Guilds
54:29 Caravan
55:40 Architecture
55:07 Murder Holes
57:25 Bracer
92:52 Padded Archer Armor
95:35 Leather Archer Armor
115:50 Guard Tower
115:45 Arrowslits
115:55 Arrowslits
120:59 Keep
121:15 Fortified Wall
144:20 Capped Ram
Mano_C
11:41 Feudal Age
11:01 Loom
13:04 Double-Bit Axe
15:36 Castle Age
14:10 Horse Collar
14:38 Scale Barding Armor
16:57 Bow Saw
17:44 Gold Mining
21:22 Redemption
21:51 Sanctity
31:39 Scale Mail Armor
31:49 Forging
31:57 Heavy Plow
31:54 Pikeman
33:37 Fortified Wall
39:08 Imperial Age
37:14 Squires
36:59 Gambesons
37:33 Chain Mail Armor
37:53 Iron Casting
38:33 Wheelbarrow
37:44 Town Watch
38:44 Stone Mining
39:30 Gold Shaft Mining
39:17 Chain Mail Armor
39:29 Halberdier
40:23 Siege Elephant
41:43 Iron Casting
41:29 Chain Barding Armor
40:55 Treadmill Crane
42:37 Two-Man Saw
41:57 Fletching
42:50 Ballistics
43:39 Chemistry
43:55 Conscription
44:15 Crop Rotation
44:01 Bodkin Arrow
44:06 Padded Archer Armor
45:28 Coinage
44:51 Elite Skirmisher
45:57 Siege Engineers
46:41 Bracer
47:42 Blast Furnace
46:54 Masonry
48:14 Banking
49:28 Hand Cart
49:41 Leather Archer Armor
50:10 Guilds
50:59 Architecture
52:04 Ring Archer Armor
51:39 Caravan
52:57 Onager
56:36 Mahayana
56:21 Paiks
56:15 Murder Holes
63:19 Plate Barding Armor
69:08 Arson
74:34 Light Cavalry
75:15 Husbandry
80:29 Man-at-Arms
82:01 Long Swordsman
83:13 Bloodlines
82:46 Two-Handed Swordsman
83:40 Champion
156:31 Elite Elephant Archer
170:25 Town Patrol
鬼見愁
1:51 Loom
10:56 Feudal Age
15:23 Castle Age
13:49 Double-Bit Axe
14:07 Horse Collar
16:30 Bow Saw
17:26 Heavy Plow
18:55 Fletching
20:03 Stone Mining
20:05 Gold Mining
21:15 Wheelbarrow
28:16 Hand Cart
28:13 Padded Archer Armor
29:46 Stone Shaft Mining
32:47 Imperial Age
30:23 Husbandry
30:40 Bloodlines
31:22 Leather Archer Armor
32:07 Ballistics
33:11 Bodkin Arrow
33:26 Scale Barding Armor
33:32 Forging
34:33 Two-Man Saw
33:59 Conscription
32:59 Elite Conquistador
34:49 Chemistry
34:49 Ring Archer Armor
33:43 Light Cavalry
35:15 Chain Barding Armor
34:23 Hussar
35:06 Bracer
37:52 Fortified Wall
41:20 Supremacy
41:29 Pikeman
49:26 Iron Casting
49:32 Plate Barding Armor
49:59 Cavalier
52:53 Blast Furnace
52:08 Paladin
59:52 Caravan
60:22 Coinage
60:02 Guilds
64:51 Banking
88:50 Capped Ram
89:09 Elite Skirmisher
125:47 Capped Ram
126:56 Siege Ram
Connection lost

Rejoining the realm…

Still unreachable

The connection could not be restored.

Session expired

The server has moved on; the page needs a fresh start.